 Dungeon Crawl Stone Soup version 0.26-a0-30-g56b8cd3df0 (webtiles) character file.

Game seed: 12202227336151834716, levelgen mode: deterministic

707 vurker the Insei (level 7, 0/58 HPs)
             Began as a Green Draconian Transmuter on June 3, 2020.
             Slain by a human (7 damage)
             ... on level 6 of the Dungeon.
             The game lasted 00:10:52 (7467 turns).

vurker the Insei (Green Draconian Transmuter)       Turns: 7467, Time: 00:10:53

Health: 0/58       AC:  8    Str: 13    XL:     7   Next: 40%
Magic:  2/12       EV: 12    Int: 13    God:
Gold:   281        SH:  0    Dex: 13    Spells: 5/13 levels left

rFire    . . .     SeeInvis .     - Unarmed
rCold    . . .     Gourm    .   (shield currently unavailable)
rNeg     + . .     Faith    .   (armour unavailable)
rPois    +         Spirit   .   (helmet restricted)
rElec    .         Reflect  .   (no cloak)
rCorr    .         Harm     .   (gloves currently unavailable)
MR       .....                  c - +1 pair of boots
Stlth    +.........             (no amulet)
HPRegen  0.19/turn              q - ring of positive energy
MPRegen  0.13/turn              l - ring of wizardry

@: blade hands
A: breathe noxious fumes, unfitting armour, poison resistance, cold-blooded, AC
+6
a: Breathe Noxious Fumes, End Transformation


You were on level 6 of the Dungeon.
You were hungry.
You had blades for hands.
You visited 1 branch of the dungeon, and saw 6 of its levels.

You collected 281 gold pieces.

Inventory:

Missiles
 t - 2 throwing nets (quivered)
Armour
 c - a +1 pair of boots (worn)
   (You found it on level 1 of the Dungeon)
Jewellery
 l - a ring of wizardry (right scythe-like blade)
   (You found it on level 5 of the Dungeon)
 q - a ring of positive energy (left scythe-like blade)
   (You found it on level 3 of the Dungeon)
Wands
 v - a wand of digging (6)
   (You found it on level 5 of the Dungeon)
Scrolls
 d - 4 scrolls of remove curse
 f - 3 scrolls of teleportation
 g - a scroll of random uselessness {unknown}
 p - a scroll of enchant armour
Potions
 b - a potion of curing {unknown}
 i - a potion of magic
 j - a potion of brilliance {unknown}
 k - 2 potions of might
 m - a potion of invisibility {unknown}
 n - 2 potions of flight
 o - 2 potions of stabbing {unknown}
 r - 2 potions of ambrosia
Comestibles
 e - 6 rations


   Skills:
 + Level 3.6 Fighting
 - Level 1.7 Dodging
 * Level 5.5 Unarmed Combat
 + Level 3.5 Spellcasting
 * Level 5.1 Transmutations


You had 5 spell levels left.
You knew the following spells:

 Your Spells              Type           Power        Failure   Level  Hunger
a - Beastly Appendage     Tmut           ###...       10%         1    #......
b - Sticks to Snakes      Tmut           ###.....     12%         2    ##.....
c - Blade Hands           Tmut           ###.......   61%         5    ######.

Your spell library contained the following spells:

 Spells                   Type           Power        Failure   Level  Hunger
 Freeze                   Ice            #...         32%         1    #......
 Spider Form              Tmut/Pois      #.........   32%         3    ###....
 Frozen Ramparts          Ice            #.....       58%         3    ###....
 Ozocubu's Armour         Chrm/Ice       #.......     58%         3    ###....
 Ice Form                 Ice/Tmut       #.......     61%         4    #####..
 Hailstorm                Conj/Ice       #.......     87%         4    #####..
 Summon Ice Beast         Ice/Summ       #.......     87%         4    #####..


Dungeon Overview and Level Annotations

Branches:
Dungeon (6/15)
 Temple: D:4-7

Altars:
Dithmenos
Elyvilon
Kikubaaqudgha
Nemelex Xobeh
Yredelemnul
The Shining One

Shops:
D:5 *


Innate Abilities, Weirdness & Mutations

You can breathe blasts of noxious fumes.
Your lurid green scales are hard. (AC +6)
You cannot fit into any form of body armour.
Your system is resistant to poisons. (rPois)
You are cold-blooded and may be slowed by cold attacks.


Message History

Unknown command.
You hit the human but do no damage.
Your adder bites the human.
The human is poisoned.
Your adder poisons the human!
The human hits you.
* * * LOW HITPOINT WARNING * * *
Something closely misses your adder.
Casting: Sticks to Snakes (safe; 1% risk of failure)
You grow a pair of large bovine horns.
The human shoots a stone.
The stone barely misses your adder. The stone misses you.
Your adder bites the human.
Something barely misses your adder. The human barely misses you.
Unknown command.
You miss the human.
The human shoots a stone.
The stone closely misses your adder. The stone misses you.
Your adder barely misses the human.
You hit the human but do no damage.
You headbutt the human, but do no damage.
Your tail-slap misses the human.
Your adder barely misses the human.
Something hits your adder. The human barely misses you.
The human shoots a stone.
The stone hits your adder!
Your adder dies!
You don't have anything to turn into a snake.
Unknown command.
You hit the human. The human barely misses you.
The human shoots a stone.
The stone hits you.
* * * LOW HITPOINT WARNING * * *
Casting: Sticks to Snakes (safe; 1% risk of failure)
You don't have anything to turn into a snake.
You miss the human.
Your tail-slap misses the human.
The human hits you.
* * * LOW HITPOINT WARNING * * *
The human shoots a stone.
The stone barely misses you.
Unknown command.
You barely miss the human.
The human looks more healthy.
The human hits you.
* * * LOW HITPOINT WARNING * * *
Casting: Sticks to Snakes (safe; 1% risk of failure)
The spell is quite dangerous to cast (28% risk of failure)!
Continue anyway? [Y]es or [N]o only, please.
The spell is quite dangerous to cast (28% risk of failure)!
Continue anyway? [Y]es or [N]o only, please.
The spell is quite dangerous to cast (28% risk of failure)!
Continue anyway?
Your horns disappear.
Your hands turn into razor-sharp scythe blades.
You are feeling hungry.
The human hits you.
* * * LOW HITPOINT WARNING * * *
The human hits you!
* * * LOW HITPOINT WARNING * * *
Unknown command.
You slash the human! The human hits you!
You die...

############
##############..........#
#............#..........#
#......(.....#..........#
#............#......>...#
+..........(@#..........#
#####'###..#pp.p...(....#
#......###########......#
#......# ..p...........#
#......# p.#####.p..(..#
#......# #(......#
#####......# #(.(....#
...........#
......p.#######
................p.p...#


You could see 3 humans.

Vanquished Creatures
  A phantom (D:5)
  2 ogres
  An orc wizard (D:4)
  3 worker ants
  A worker ant zombie (D:6)
  Robin (D:3)
  7 adders
  4 gnolls
  An ooze (D:3)
  An adder skeleton (D:4)
  A worm (D:2)
  2 dart slugs
  4 leopard geckos
  7 orcs
  A ball python (D:3)
  3 giant cockroaches
  12 hobgoblins
  4 jackals
  10 kobolds
  4 quokkas
  10 bats
  3 frilled lizards
  13 goblins
  15 rats
111 creatures vanquished.

Vanquished Creatures (collateral kills)
  A jelly (D:5)
  2 orc wizards
  A gnoll shaman (D:4)
  A gnoll (D:5)
  2 adders (D:3)
  2 orcs
  A bat (D:2)
  2 goblins (D:2)
  A hobgoblin (D:2)
  A leopard gecko zombie (D:4)
14 creatures vanquished.

Grand Total: 125 creatures vanquished

Notes
Turn   | Place    | Note
-------+----------+-------------------------------------------
     0 | D:1      | vurker the Draconian Transmuter began the quest for the
                  | Orb.
     0 | D:1      | Reached XP level 1. HP: 16/16 MP: 3/3
   272 | D:1      | Reached XP level 2. HP: 23/23 MP: 5/5
   715 | D:1      | Learned a level 2 spell: Sticks to Snakes
  1295 | D:2      | Found a faded altar of an unknown god.
  1303 | D:2      | Reached XP level 3. HP: 26/28 MP: 6/6
  1948 | D:2      | Found a basalt altar of Yredelemnul.
  2381 | D:2      | Reached XP level 4. HP: 36/36 MP: 7/7
  2433 | D:2      | Found a white marble altar of Elyvilon.
  2434 | D:2      | Found a shadowy altar of Dithmenos.
  2434 | D:2      | Found an ancient bone altar of Kikubaaqudgha.
  2535 | D:2      | Found a sparkling altar of Nemelex Xobeh.
  3014 | D:3      | Noticed Robin
  3522 | D:3      | Killed Robin
  3631 | D:3      | Reached XP level 5. HP: 39/42 MP: 5/8
  3663 | D:3      | Learned a level 5 spell: Blade Hands
  3799 | D:3      | HP: 2/42 [poisoned by a kobold]
  4233 | D:3      | Found a glowing golden altar of the Shining One.
  4632 | D:4      | Noticed an ogre
  4647 | D:4      | Killed an ogre
  4647 | D:4      | Reached XP level 6. HP: 8/50 MP: 5/10
  5784 | D:5      | Entered Level 5 of the Dungeon
  5926 | D:5      | Found Teomap's Tempting Trifles.
  5991 | D:5      | Reached skill level 5 in Unarmed Combat
  6333 | D:5      | Your scales start taking on a lurid green colour.
  6333 | D:5      | Reached XP level 7. HP: 38/57 MP: 8/12
  6333 | D:5      | Gained mutation: Your system is resistant to poisons.
                  | (rPois) [Green Draconian growth]
  6421 | D:5      | Identified the cursed +1 ring mail of Death's Door {rC+
                  | Dex+2}
  7064 | D:5      | Reached skill level 5 in Transmutations
  7434 | D:6      | Noticed a human
  7435 | D:6      | Noticed a human
  7438 | D:6      | Noticed a human
  7438 | D:6      | Noticed a human
  7467 | D:6      | Slain by a human

Illustrated notes

Levels and vault maps discovered:
D:1:      dpeg_arrival_refuge, layout_basic, serial_forest,
          infiniplex_forest_lined_room_2, infiniplex_forest_straight_2,
          infiniplex_forest_straight_3, infiniplex_forest_clump_curved,
          infiniplex_forest_straight_5
D:2:      layout_basic, chequers_temple_overflow_statue_of_worship,
          chequers_ecumenical_altar_simple, serial_rivers,
          chequers_serial_rivers_small_3, chequers_serial_rivers_micro_a,
          chequers_serial_rivers_micro_d, chequers_serial_rivers_small_b,
          chequers_serial_rivers_small_b, chequers_serial_rivers_large_a,
          yredelemnul_altar_generic
D:3:      layout_rooms, nicolae_tso_swordbearing_angel, uniq_robin
D:4:      layout_cave_pools, kennysheep_generic_room_2
D:5:      layout_rooms, first_ration, nicolae_alphabet_shops, sigmund_army
D:6:      layout_gridville, minmay_temple_entry_waves, minmay_ruffians,
          uniq_pikel

Skill      XL: |  1  2  3  4  5  6  7 |
---------------+----------------------+-----
Transmutations | 3 4 5 |  5.1
Fighting       | 2 3 |  3.6
Unarmed Combat | 4 5 |  5.5
Spellcasting   | 3 |  3.5
Dodging        | |  1.7

Action                   |  1- 3 |  4- 6 |  7- 9 || total
-------------------------+-------+-------+-------++-------
Melee: Unarmed           |   194 |   266 |    53 ||   513
       Tailslap          |    14 |    22 |     7 ||    43
       Punch             |     1 |     5 |     1 ||     7
       Headbutt          |       |     5 |     1 ||     6
 Cast: Sticks to Snakes  |     6 |    25 |     8 ||    39
       Beastly Appendage |       |     6 |     1 ||     7
       Blade Hands       |       |       |     1 ||     1
 Abil: Breathe Noxious F |       |       |     1 ||     1
  Use: Scroll            |       |    12 |       ||    12
 Stab: Sleeping          |       |     2 |     1 ||     3
  Eat: Chunk             |     5 |    11 |     4 ||    20
       Ration            |       |     1 |       ||     1
Armor: Skin              |    91 |    91 |    10 ||   192
Dodge: Dodged            |   142 |   166 |    33 ||   341

Table legend:
 A = Non-vault XP
 B = Vault XP
 C = Vault XP percentage of total XP
 D = Non-vault monster count
 E = Vault monster count
 F = Vault count percentage of total count
                 A         B        C        D         E       F
            +---------+---------+-------+---------+---------+-------
      Total |     958 |      53 |   5.2 |     110 |      15 |  12.0
            +---------+---------+-------+---------+---------+-------
        D:1 |      40 |       0 |   0.0 |      23 |       0 |   0.0
        D:2 |      81 |      16 |  16.5 |      32 |       9 |  22.0
        D:3 |      80 |      14 |  14.9 |      26 |       2 |   7.1
        D:4 |     325 |       4 |   1.2 |      15 |       2 |  11.8
        D:5 |     403 |      19 |   4.5 |      12 |       2 |  14.3
        D:6 |      29 |       0 |   0.0 |       2 |       0 |   0.0
            +---------+---------+-------+---------+---------+-------
